 Dungeon Crawl Stone Soup version 0.32-a0-975-g85d4e5bfdb (webtiles) character file.

Game seed: 11774480299216186366

5061 Maxmaps the Basher (level 10, -23/91 HPs)
             Began as an Oni Shapeshifter on Apr 18, 2024.
             Was a Believer of the Shining One.
             Annihilated by Urug
             ... wielding a +2 halberd of flaming
              (30 damage)
             ... on level 10 of the Dungeon on Apr 19, 2024.
             The game lasted 00:16:48 (10473 turns).

Maxmaps the Basher (Oni Shapeshifter)              Turns: 10473, Time: 00:16:49

Health: -23/91     AC:  1    Str: 20    XL:     10   Next: 56%
Magic:  10/10      EV:  8    Int: 13    God:    the Shining One [**....]
Gold:   508        SH:  0    Dex: 10    Spells: 9/9 levels left

rFire   . . .        h - +3 dire flail (venom)
rCold   + . .        (shield currently unavailable)
rNeg    + . .        (body armour restricted)
rPois   .            (helmet currently unavailable)
rElec   .            (cloak currently unavailable)
rCorr   .            (gloves unavailable)
SInv    +            (boots unavailable)
Will    +....        (no amulet)
Stlth   +            x - ring of protection from cold
HPRegen 0.35/turn    l - ring of see invisible
MPRegen 0.12/turn

%: no passive effects
@: beast-form, attractive, glowing
A: beast (slay +2), large, unfitting armour, horns 1, tough skin 1, double
potion healing, drunken brawling
a: Begin Untransformation, Renounce Religion, Divine Shield


You were on level 10 of the Dungeon.
You worshipped the Shining One.
The Shining One was pleased with you.
You were a hulking beast.
You visited 2 branches of the dungeon, and saw 11 of its levels.

You collected 538 gold pieces.
You spent 30 gold pieces at shops.

Inventory:

Hand Weapons
 h - a +3 dire flail of venom (weapon)
 p - a +0 giant spiked club
Missiles
 n - a throwing net (quivered)
Armour
 a - a +1 animal skin
 j - a +2 robe of willpower
 r - a +1 cloak of stealth
 t - +0 acid dragon scales
Jewellery
 f - a ring of fire
 l - a ring of see invisible (right hand)
 x - a ring of protection from cold (left hand)
Talismans
 c - a beast talisman (active)
 d - a flux talisman
Wands
 m - a wand of flame (73)
 o - a wand of polymorph (8)
 q - a wand of charming (3)
 u - a wand of acid (16)
Scrolls
 b - a scroll of enchant armour
 e - a scroll of noise
 k - a scroll of revelation
 w - a scroll of silence
 y - a scroll of immolation
 z - a scroll of vulnerability
Potions
 g - a potion of enlightenment
 s - a potion of mutation


   Skills:
 - Level 3.3 Fighting
 - Level 14.4 Maces & Flails
 - Level 1.7 Dodging
 - Level 2.6 Unarmed Combat
 + Level 4.2 Shapeshifting


You had 9 spell levels left.
You didn't know any spells.
Your spell library contained the following spells:

 Spells                   Type           Power      Damage    Failure   Level
 Blink                    Tloc           0%         N/A       43%         2
 Cigotuvi's Dreadful Rot  Necr/Alch/Air  0%         N/A       43%         2
 Lesser Beckoning         Tloc           0%         N/A       43%         2
 Momentum Strike          Conj/Tloc      0%         3d8       43%         2
 Call Canine Familiar     Summ           0%         N/A       67%         3
 Dazzling Flash           Conj/Hex       0%         N/A       67%         3
 Fugue of the Fallen      Necr           0%         N/A       67%         3
 Maxwell's Portable Pile  Tloc           0%         2d(5-13)  67%         3
 Mephitic Cloud           Conj/Alch/Air  0%         N/A       67%         3
 Ozocubu's Armour         Ice            0%         N/A       67%         3
 Sigil of Binding         Hex            0%         N/A       67%         3
 Stone Arrow              Conj/Erth      0%         3d7       67%         3
 Teleport Other           Tloc           0%         N/A       67%         3
 Animate Armour           Summ/Erth      0%         N/A       97%         4
 Dimensional Bullseye     Hex/Tloc       0%         N/A       97%         4
 Dispel Undead            Necr           0%         3d6       97%         4
 Martyr's Knell           Necr/Summ      0%         N/A       97%         4
 Silence                  Hex/Air        0%         N/A       100%        5
 Summon Forest            Summ/Tloc      0%         N/A       100%        5
 Summon Mana Viper        Hex/Summ       0%         N/A       100%        5
 Summon Cactus Giant      Summ           0%         N/A       100%        6
 Manifold Assault         Tloc           0%         N/A       100%        7
 Seismic Cannonade        Alch/Erth      0%         6d4       100%        7
 Lehudib's Crystal Spear  Conj/Erth      0%         10d2      100%        8


Dungeon Overview and Level Annotations

Branches:
Dungeon (10/15)            Temple (1/1) D:5
   Lair: D:8-11         Orc: D:9-12

Altars:
Ashenzari
Cheibriados
Dithmenos
Elyvilon
Fedhas
Gozag
Hepliaklqana
Kikubaaqudgha
Makhleb
Nemelex Xobeh
Okawaru
Qazlal
Ru
Sif Muna
Trog
Uskayaw
Vehumet
Wu Jian
Xom
Yredelemnul
Zin
The Shining One

Shops:
D:3 (   D:9 ?

Annotations:
D:7 2 transporters, Natenado's ghost, novice DjFE
D:10 exclusion: orange crystal statue, Urug


Innate Abilities, Weirdness & Mutations

You are a hulking beast.
Your limbs bulge with bestial killing power. (Slay +2)
You are too large for most types of armour.
You have a pair of small horns on your head.
You have tough skin. (AC +1)
You gain doubled healing and magic from potions.
Whenever you drink a healing potion, you attack all around you.


Message History

The acid dragon is almost dead.
You kill the acid dragon!
The acid dragon scales are intact enough to wear.
No target in view!
Things that are here:
+0 acid dragon scales; an acid dragon corpse t - +0 acid dragon scales You start removing your armour.
You continue removing your +2 robe of willpower. x2
Urug throws a silver javelin.
The silver javelin pierces through you!
You continue removing your +2 robe of willpower.
Urug throws a silver javelin.
The silver javelin barely misses you.
You continue removing your +2 robe of willpower.
Urug throws a silver javelin.
The silver javelin pierces through you!
You finish removing your +2 robe of willpower.
You feel less strong-willed.
You feel attractive to monsters.
Urug throws a silver javelin.
The silver javelin pierces through you! Urug is attracted toward you.
Unknown command.
You barely miss Urug. You headbutt Urug.
Urug is lightly wounded.
You hit Urug but do no damage.
Urug is poisoned.
Urug is lightly wounded.
Urug misses you.
You sock Urug!
Urug looks as sick as possible!
Urug is moderately wounded.
Urug hits you with a +2 halberd of flaming!!
* * * LOW HITPOINT WARNING * * *
Urug burns you!
* * * LOW HITPOINT WARNING * * *
You are too injured to fight recklessly!
Okay, then.
You hit Urug.
Urug looks as sick as possible!
You headbutt Urug!
Urug is moderately wounded.
You closely miss Urug.
Urug is heavily wounded.
Urug hits you with a +2 halberd of flaming!!
You die...
Urug says, "One more harpy dead."

..... ....## . .
#.#..# .
♣.##....##.#
.#.......#.#
.........#.# .
.#........# ...
♣......h..#.....
.#......o.....#
......###....|#
.#.#.# .......
♣. #. ....... .
. ....... .
....... ##
....... o....I$


You could see Urug (extremely poisoned).

Vanquished Creatures
  Jeremiah (D:6)
  A vampire (D:9)
  Eustachio (D:6)
  A wraith (D:9)
  6 yaks (D:9)
  A wyvern (D:8)
  A steam dragon (D:6)
  2 acid dragons
  A water moccasin (D:6)
  Duvessa (D:6)
  4 orc warriors
  2 ogres
  4 centaurs
  2 phantoms
  A kobold brigand (D:6)
  Blork the orc (D:4)
  The ghost of Hubris850 the Digger, an amateur DEEE of Ashenzari (D:4)
  2 bullfrogs (D:7)
  2 gnoll sergeants
  4 scorpions
  Dowan (D:6)
  Crazy Yiuf (D:3)
  2 bombardier beetles
  2 hounds (D:5)
  A jelly (D:7)
  4 orc priests
  A gnoll bouda (D:9)
  5 iguanas
  9 orc wizards
  14 gnolls
  8 adders
  6 white imps
  2 ufetubi (D:3)
  2 dart slugs
  2 ribbon worms
  31 orcs
  4 endoplasms
  3 giant cockroaches
  6 goblins
  9 hobgoblins
  4 jackals (D:3)
  A quokka (D:1)
  6 ball pythons
  10 bats
  3 frilled lizards (D:1)
  7 kobolds
  4 rats
187 creatures vanquished.

Notes
Turn   | Place    | Note
-------+----------+-------------------------------------------
     0 | D:1      | Maxmaps the Oni Shapeshifter began the quest for the Orb.
     0 | D:1      | Reached XP level 1. HP: 19/19 MP: 1/1
   305 | D:1      | Reached XP level 2. HP: 29/29 MP: 2/2
   940 | D:1      | Reached skill level 1 in Maces & Flails
   997 | D:2      | Reached XP level 3. HP: 36/37 MP: 3/3
  1127 | D:2      | Found a hide-covered altar of Uskayaw.
  1168 | D:2      | Reached skill level 2 in Maces & Flails
  1652 | D:3      | Reached XP level 4. HP: 45/45 MP: 4/4
  1664 | D:3      | Reached skill level 3 in Maces & Flails
  1769 | D:3      | Reached XP level 5. HP: 53/53 MP: 5/5
  2051 | D:3      | Found Ygoffih's Weapon Emporium.
  2073 | D:3      | Reached skill level 4 in Maces & Flails
  2357 | D:3      | Found a runed translucent door.
  2358 | D:3      | Noticed Crazy Yiuf
  2365 | D:3      | Killed Crazy Yiuf
  2739 | D:4      | Reached skill level 5 in Maces & Flails
  2739 | D:4      | Reached XP level 6. HP: 55/61 MP: 6/6
  3057 | D:4      | Found a runed translucent gate.
  3057 | D:4      | Found a runed translucent gate.
  3057 | D:4      | Found a runed translucent gate.
  3058 | D:4      | Noticed Hubris850's ghost (amateur DEEE)
  3928 | D:4      | Killed Hubris850's ghost
  4018 | D:5      | Entered Level 5 of the Dungeon
  4018 | D:5      | Noticed Blork the orc
  4018 | D:5      | Noticed an orc warrior
  4055 | D:5      | Reached skill level 6 in Maces & Flails
  4118 | D:5      | Reached XP level 7. HP: 21/67 MP: 7/7
  4455 | D:4      | Reached skill level 7 in Maces & Flails
  4468 | D:4      | Killed Blork the orc
  4879 | D:4      | Reached skill level 8 in Maces & Flails
  5085 | D:5      | Reached XP level 8. HP: 28/75 MP: 8/8
  5356 | D:5      | Reached skill level 9 in Maces & Flails
  5659 | D:5      | Found a sacrificial altar of Ru.
  5686 | D:5      | Found an ornate altar of the Wu Jian Council.
  5764 | D:5      | Found a staircase to the Ecumenical Temple.
  5804 | Temple   | Entered the Ecumenical Temple
  5813 | Temple   | Became a worshipper of the Shining One
  5913 | D:6      | Reached skill level 10 in Maces & Flails
  6237 | D:6      | Reached XP level 9. HP: 67/83 MP: 9/9
  6318 | D:6      | Noticed Jeremiah
  6614 | D:6      | Killed Jeremiah
  6615 | D:6      | Reached skill level 11 in Maces & Flails
  6744 | D:6      | Noticed Eustachio
  6751 | D:6      | Killed Eustachio
  6851 | D:6      | Noticed Dowan
  6853 | D:6      | Noticed Duvessa
  6855 | D:6      | Killed Dowan
  6865 | D:6      | Killed Duvessa
  7243 | D:6      | Reached skill level 12 in Maces & Flails
  7726 | D:7      | Reached * piety under the Shining One
  7822 | D:7      | Found a transporter.
  7829 | D:7      | Noticed Natenado's ghost (novice DjFE)
  8154 | D:7      | Reached skill level 13 in Maces & Flails
  8283 | D:7      | Found a transporter.
  8823 | D:8      | Reached XP level 10. HP: 90/91 MP: 10/10
  9551 | D:9      | Reached skill level 14 in Maces & Flails
  9560 | D:9      | Reached ** piety under the Shining One
  9571 | D:9      | HP: 1/91 [yak (14)]
  9572 | D:9      | The Shining One protects you from harm!
 10111 | D:9      | Found Domop's Magic Scroll Emporium.
 10116 | D:9      | Bought a scroll of identify for 30 gold pieces
 10422 | D:9      | Found a snail-covered altar of Cheibriados.
 10431 | D:9      | Found a shimmering altar of Xom.
 10457 | D:10     | Entered Level 10 of the Dungeon
 10457 | D:10     | Noticed an orange crystal statue
 10457 | D:10     | Noticed Urug
 10473 | D:10     | Annihilated by Urug

Illustrated notes

Levels and vault maps discovered:
D:1:      minmay_arrival_doors, layout_basic, serial_forest,
          infiniplex_forest_straight_3, infiniplex_forest_lined_1,
          infiniplex_forest_end_1, infiniplex_forest_lined_corner,
          infiniplex_forest_lined_corner, infiniplex_forest_clump_curved,
          chequers_serial_rivers_small_b, st_stairs_6,
          minmay_misc_feat_diagonals, kennysheep_boxes
D:2:      layout_rooms, basic_altar
D:3:      layout_basic, serial_shops, shop_statue, st_stairs_11,
          hangedman_glass_teeth, uniq_crazy_yiuf_cottage
D:4:      layout_layer_cave, ebering_ghost_rock_garden,
          kennysheep_pointless_box, kennysheep_generic_room_14
D:5:      layout_cave_pools, nicolae_wu_jian_wuxing_cycle,
          mainiacjoe_overflow_brackets, minmay_temple_entry_offerings,
          mrwooster_statue_mirror, uniq_blork_the_orc
D:6:      layout_loops_cross, uniq_jeremiah, uniq_eustachio, uniq_duvessa
D:7:      layout_loops_ring, gammafunk_ghost_stat_death
D:8:      layout_rooms
D:9:      layout_rooms, mainiacjoe_overflow_swirl, serial_shops, shop,
          serial_library_hellmonk_small_alcove
D:10:     minmay_the_grid_four_pointed_star_mashed
          [minmay_the_grid_triangle_9x9_limited_checkers,
          minmay_the_grid_triangle_9x9_wacky_v,
          minmay_the_grid_triangle_9x9_stretched_checkered,
          minmay_the_grid_triangle_9x9_windchime,
          minmay_the_grid_prize_diamond_cup], layout_cave_pools,
          dpeg_lair_monsters, st_stairs_8, minivault_16, kennysheep_crisscross,
          uniq_maurice, uniq_urug
Temple:   nicolae_temple_bog_church

Skill      XL: |  1  2  3  4  5  6  7  8  9 10 |
---------------+-------------------------------+-----
Fighting       | 2 3 |  3.3
Maces & Flails | 1 2 3 5 6 8 10 13 14 | 14.4
Shapeshifting  | 4 |  4.2
Dodging        | |  1.7
Unarmed Combat | |  2.6

Action                     |  1- 3 |  4- 6 |  7- 9 | 10-12 || total
---------------------------+-------+-------+-------+-------++-------
  Melee: Unarmed           |     8 |       |       |       ||     8
         Club              |   117 |       |       |       ||   117
         Headbutt          |    14 |    22 |    41 |    23 ||   100
         Quarterstaff      |     2 |   143 |       |       ||   145
         Flail             |       |       |    60 |       ||    60
         Giant club        |       |       |   134 |       ||   134
         Giant spiked club |       |       |    44 |    49 ||    93
         Dire flail        |       |       |       |    29 ||    29
    Use: Potion            |     1 |     4 |     3 |     7 ||    15
         Scroll            |       |     9 |     2 |     3 ||    14
   Stab: Sleeping          |       |     1 |       |       ||     1
 Armour: Animal skin       |   126 |    35 |       |       ||   161
         Robe              |       |    75 |   198 |    58 ||   331
         Skin              |       |     1 |    39 |     3 ||    43
  Dodge: Dodged            |    81 |    89 |   116 |    28 ||   314

Table legend: (Time is in decaauts)
 A = Elapsed time spent in this place.
 B = Non-inter-level travel time spent in this place.
 C = Inter-level travel time spent in this place.
 D = Time resting spent in this place.
 E = Time spent auto-exploring this place.
 F = Levels seen in this place.
 G = Mean time per level.
                   A        B        C        D        E       F      G
               +--------+--------+--------+--------+--------+-----+--------+
         Total |  10559 |  10150 |    409 |   3177 |   5540 |  11 |  959.9 |
       Dungeon |  10540 |  10147 |    393 |   3177 |   5540 |  10 | 1054.0 |
        Temple |     18 |      2 |     16 |      0 |      0 |   1 |   18.0 |
               +--------+--------+--------+--------+--------+-----+--------+

Top non-repeatable levels by time:
     D:4: 2127 daAuts
     D:6: 1571 daAuts
     D:9: 1361 daAuts
     D:5: 1309 daAuts
     D:3: 1070 daAuts
     D:1: 1011 daAuts
     D:7: 739 daAuts
     D:2: 670 daAuts
     D:8: 664 daAuts
  Temple: 18 daAuts
    D:10: 13 daAuts
